 Dungeon Crawl Stone Soup version 0.24.1-14-gf8d2b509d9 (webtiles) character file.

Game seed: 17275112674725371118, levelgen mode: deterministic

214 Peloso the Shield-Bearer (level 6, -4/48 HPs)
             Began as a Formicid Fighter on June 1, 2020.
             Splashed by a jelly's acid (7 damage)
             ... on level 3 of the Dungeon.
             The game lasted 00:05:43 (2719 turns).

Peloso the Shield-Bearer (Formicid Fighter)         Turns: 2719, Time: 00:05:43

Health: -4/48      AC:  0    Str: 20    XL:     6   Next: 14%
Magic:  6/6        EV:  9    Int:  8    God:
Gold:   59         SH: 10    Dex: 12    Spells: 5/5 levels left

rFire    . . .     SeeInvis +   a - +0 long sword
rCold    . . .     Gourm    .   c - +0 shield
rNeg     . . .     Faith    .   b - +0 scale mail
rPois    .         Spirit   .   (helmet unavailable)
rElec    .         Reflect  .   (no cloak)
rCorr    .         Harm     .   (no gloves)
MR       .....                  (no boots)
Stlth    ..........             (no amulet)
HPRegen  0.16/turn              (no ring)
MPRegen  0.10/turn              (no ring)

@: corroded
A: permanent stasis, dig shafts and tunnels, four strong arms, antennae 3
a: Dig, Shaft Self


You were on level 3 of the Dungeon.
You were not hungry.

You visited 1 branch of the dungeon, and saw 3 of its levels.

You collected 59 gold pieces.

Inventory:

Hand Weapons
 a - a +0 long sword (weapon)
Armour
 b - a +0 scale mail (worn)
 c - a +0 shield (worn)
Scrolls
 e - 3 scrolls of identify
 g - 3 scrolls of remove curse
 h - a scroll of magic mapping {unknown}
 i - a scroll of amnesia {unknown}
 l - a scroll of enchant armour {unknown}
Potions
 d - a potion of might
 j - a potion of degeneration {unknown}
 k - a potion of curing {unknown}
 m - a potion of heal wounds {unknown}
 n - a potion of flight {unknown}
Comestibles
 f - 7 rations


   Skills:
 + Level 3.8 Fighting
 + Level 3.6 Long Blades
 + Level 4.3 Armour
 + Level 1.4 Dodging
 + Level 5.0 Shields


You had 5 spell levels left.
You didn't know any spells.
Your spell library was empty.

Dungeon Overview and Level Annotations

Branches:
Dungeon (3/15)

Altars:
Fedhas
Yredelemnul
The Shining One


Innate Abilities, Weirdness & Mutations

You cannot be hasted, slowed, berserked, paralysed or teleported.
You can dig through walls and to a lower floor.
Your four strong arms can wield two-handed weapons with a shield.
You have a pair of large antennae on your head. (SInv)


Message History

You feel agile.
You hit the jelly but do no damage.
Your hands burn!
You block the jelly's attack.
You hit the jelly.
Your hands burn!
The jelly is moderately wounded.
The jelly completely misses you.
You riposte.
You slash the jelly!
The jelly is severely wounded.
You hit the jelly.
Your hands burn!
* * * LOW HITPOINT WARNING * * *
The jelly is almost dead.
You block the jelly's attack.
The ooze jiggles.
You block the jelly's attack.
You hit the jelly but do no damage.
Your hands burn!
* * * LOW HITPOINT WARNING * * *
The jelly is severely wounded.
The jelly hits you.
* * * LOW HITPOINT WARNING * * *
You are splashed with acid!
You die...

########## :....÷...#
##############
...J.P.P.#
.....o..{....#
..JJ.{..÷#
############.#
.P.P{PJP.# #.#
.J÷....÷.# #.#
.P{.÷....#
#########.# #######'#
#.......o.###@JJJJ.##
#.#######.##(########
#.# #####..'....# #o#
####....# #.#
#.......# #.#
#.......# #.#
#.......# #.#
#.......# #.#
##.....##


You could see 2 jellies and 2 oozes.

Vanquished Creatures
  A jelly (D:3)
  An orc priest (D:3)
  5 adders
  2 oozes
  3 worms (D:2)
  3 dart slugs
  A leopard gecko (D:2)
  2 orcs
  7 bats
  6 giant cockroaches
  11 hobgoblins
  5 jackals (D:1)
  2 quokkas (D:2)
  6 frilled lizards
  7 goblins
  15 kobolds
  5 rats
  A spectral orc (D:3)
83 creatures vanquished.

Vanquished Creatures (others)
  8 toadstools (D:3)
8 creatures vanquished.

Grand Total: 91 creatures vanquished

Notes
Turn   | Place    | Note
-------+----------+-------------------------------------------
     0 | D:1      | Peloso the Formicid Fighter began the quest for the Orb.
     0 | D:1      | Reached XP level 1. HP: 18/18 MP: 1/1
   128 | D:1      | Reached XP level 2. HP: 17/24 MP: 2/2
   235 | D:1      | Reached skill level 4 in Shields
   240 | D:1      | Reached XP level 3. HP: 17/29 MP: 3/3
  1342 | D:2      | Reached XP level 4. HP: 28/35 MP: 4/4
  1429 | D:2      | Found a blossoming altar of Fedhas.
  1943 | D:2      | Reached XP level 5. HP: 39/42 MP: 5/5
  1955 | D:2      | Found a glowing golden altar of the Shining One.
  2115 | D:3      | Found a basalt altar of Yredelemnul.
  2420 | D:2      | Reached skill level 1 in Dodging
  2715 | D:3      | Reached skill level 5 in Shields
  2715 | D:3      | Reached XP level 6. HP: 20/48 MP: 6/6
  2719 | D:3      | Splashed by a jelly's acid

Levels and vault maps discovered:
D:1:      lightli_arrival_flooded_house, layout_basic, kennysheep_boxes
D:2:      layout_loops_cross, nicolae_tso_swordbearing_angel,
          fedhas_ov_isle_minmay, first_ration
D:3:      cheibrodos_fertilizer, layout_basic, nicolae_overflow_hidden_temple,
          yredelemnul_forgotten_temple_becter

Skill      XL: |  1  2  3  4  5 |
---------------+----------------+-----
Shields        | 4 5 |  5.0
Armour         | 4 |  4.3
Long Blades    | 3 |  3.6
Dodging        | 1 |  1.4
Fighting       | |  3.8

Action                   |  1- 3 |  4- 6 || total
-------------------------+-------+-------++-------
Melee: Long sword        |   149 |   184 ||   333
 Abil: Dig               |       |     1 ||     1
  Use: Scroll            |     1 |       ||     1
  Eat: Chunk             |     2 |     5 ||     7
Armor: Scale mail        |    49 |    87 ||   136
Dodge: Dodged            |    44 |    56 ||   100
Block: Shield            |   104 |   108 ||   212
       Rpst.: Long sword |    14 |    26 ||    40
